 Dungeon Crawl Stone Soup version 0.22-a0-553-g9358b0b (webtiles) character file.

41918 kae the Severer (level 14, -1/193 HPs)
             Began as a Hill Orc Fighter on June 25, 2018.
             Was a High Priest of Makhleb.
             Slain by a deep troll earth mage (13 damage)
             ... on level 13 of the Dungeon.
             The game lasted 00:20:40 (19530 turns).

kae the Severer (Hill Orc Fighter)                 Turns: 19530, Time: 00:20:40

Health: -1/193     AC:  7    Str: 26 (29) XL:     14   Next: 17%
Magic:  23/23      EV:  2    Int:  7 (8)  God:    Makhleb [*****.]
Gold:   849        SH:  0    Dex: 13 (15) Spells: 13/13 levels left

rFire    . . .     SeeInvis .   P - +2 battleaxe
rCold    . . .     Gourm    .   (shield currently unavailable)
rNeg     + + +     Faith    .   (armour currently unavailable)
rPois    +         Spirit   .   (helmet currently unavailable)
rElec    .         Reflect  .   (cloak currently unavailable)
rCorr    .         Harm     .   (gloves currently unavailable)
MR       +....     NoTele   +   (boots currently unavailable)
Stlth    ++........             k - amulet of the acrobat
HPRegen  0.42/turn              r - ring of poison resistance
MPRegen  0.18/turn              C - +5 ring of strength

@: agile, tree-form, corroded, very slightly contaminated, drained, invisible
A: no striking features
a: Minor Destruction, Lesser Servant of Makhleb, Major Destruction, Greater
Servant of Makhleb, Renounce Religion


You were on level 13 of the Dungeon.
You worshipped Makhleb.
Makhleb was extremely pleased with you.
You were not hungry.
You were a tree.
You visited 2 branches of the dungeon, and saw 16 of its levels.

You collected 849 gold pieces.

Inventory:

Hand Weapons
 a - a +0 war axe
 m - a +1 battleaxe
 P - a +2 battleaxe (weapon)
Armour
 b - a +1 scale mail (melded)
 c - a +0 shield
 l - a +1 pair of boots (melded)
 D - a +0 helmet (melded)
Jewellery
 g - an uncursed ring of stealth
 k - an amulet of the acrobat (around neck)
 r - a ring of poison resistance (left branch)
 v - an uncursed ring of ice
 B - an uncursed ring of magical power
 C - a +5 ring of strength (right branch)
 K - the ring "Duuquo" {rN+ Stlth+}
   (You found it on level 13 of the Dungeon)

   [ring of stealth]

   It protects you from negative energy.
   It makes you more stealthy.
Wands
 d - a wand of flame (97)
 o - a wand of digging (12)
 L - a wand of polymorph (5)
 M - a wand of scattershot (8)
 O - a wand of acid (8)
Scrolls
 e - a scroll of fog
 h - 3 scrolls of enchant armour
 i - 6 scrolls of remove curse
 j - a scroll of magic mapping
 q - 9 scrolls of immolation
 s - a scroll of fear
 y - a scroll of amnesia
 E - 5 scrolls of enchant weapon
 N - a scroll of holy word
Potions
 n - a potion of mutation
 t - 2 potions of curing
 u - 2 potions of flight
 x - 3 potions of brilliance
 z - 4 potions of haste
 A - 2 potions of cancellation
 F - a potion of degeneration
 G - a potion of agility
Comestibles
 f - 21 rations


   Skills:
 + Level 13.1(12.6) Fighting
 * Level 18.6(17.9) Axes
 + Level 12.2(11.6) Armour
 - Level 3.5(3.0) Dodging
 - Level 3.2(2.8) Shields
 + Level 12.7(12.1) Invocations


You had 13 spell levels left.
You didn't know any spells.
Your spell library contained the following spells:

 Spells                   Type           Power        Failure   Level  Hunger
 Summon Small Mammal      Summ           #...         43%         1    ##.....
 Animate Dead             Necr           N/A          99%         4    #####..
 Animate Skeleton         Necr           N/A          43%         1    ##.....
 Summon Ice Beast         Ice/Summ       #.......     99%         4    #####..
 Dispel Undead            Necr           #.......     100%        5    ######.
 Summon Demon             Summ           #.........   100%        5    ######.
 Recall                   Summ/Tloc      N/A          80%         3    ####...
 Death Channel            Necr           #.........   100%        6    #######
 Simulacrum               Ice/Necr       #.........   100%        6    #######
 Borgnjor's Vile Clutch   Necr/Erth      #.........   100%        5    ######.


Dungeon Overview and Level Annotations

Branches:
Dungeon (15/15)            Temple (1/1) D:5            Lair (0/6) D:11
    Orc (0/2) D:9          Vaults (0/5) D:13
 Depths: D:15

Altars:
Ashenzari
Cheibriados
Dithmenos
Elyvilon
Fedhas
Gozag
Hepliaklqana
Kikubaaqudgha
Makhleb
Nemelex Xobeh
Okawaru
Qazlal
Ru
Sif Muna
Trog
Uskayaw
Vehumet
Wu Jian
Xom
Yredelemnul
Zin
The Shining One
Beogh

Annotations:
D:9 3 runed doors, Defined's ghost, novice HOFi


Message History

* * * LOW HITPOINT WARNING * * *
The vampire mosquito bites you.
* * * LOW HITPOINT WARNING * * *
You feel better. The vampire mosquito bites you.
* * * LOW HITPOINT WARNING * * *
The vampire mosquito bites you.
* * * LOW HITPOINT WARNING * * *
You slash the deep troll earth mage!
The deep troll earth mage is moderately wounded.
You strike the helpless vampire mosquito from behind!
You hit the vampire mosquito but do no damage.
The vampire mosquito bites you.
* * * LOW HITPOINT WARNING * * *
The vampire mosquito bites you but does no damage.
You slash the deep troll earth mage!
The deep troll earth mage is heavily wounded.
You hit the vampire mosquito. The deep troll earth mage bites you!
* * * LOW HITPOINT WARNING * * *
The deep troll earth mage claws you!
You die...

#..##..##....# #..##..##....#
#..##..##....# #..##..##....#
i #..##..##....## ## ..
#..##..##.....# T. ...
#..##..##.....#######.# ....
#..##..##....).......# ##.....
#..##..##.....†.♣T..###†......
#..##..###.......yC....†......
#......# #............).......
##....## ##..................#
###### ###..............###
##### ####################
#...# #..# ####.........#
#...# #..# #............##
....# #..###..#..........#


You could see a cyclops (wandering), a deep troll earth mage and a vampire
mosquito.

Vanquished Creatures
  Fannar (D:10)
  3 vault guards (D:13)
  2 hydras (D:13)
  A catoblepas (D:13)
  2 centaur warriors (D:13)
  A death knight (D:13)
  9 two-headed ogres
  2 tengu warriors
  A skeletal warrior (D:11)
  2 unseen horrors
  A wizard (D:11)
  A deep elf mage (D:13)
  4 ugly things
  An orc knight (D:13)
  3 manticores
  3 cyclopes
  2 guardian serpents (D:15)
  A gargoyle (D:13)
  An efreet (D:14)
  A kobold demonologist (D:13)
  2 komodo dragons
  A yaktaur (shapeshifter) (D:13)
  6 trolls
  A polar bear (D:8)
  2 hornets (D:13)
  3 hippogriffs
  Prince Ribbit (D:9)
  2 shadows
  3 wraiths
  17 yaks
  2 water elementals (D:14)
  3 wyverns
  4 hogs (D:7)
  A human (D:7)
  5 hungry ghosts
  7 vampire mosquitoes
  4 soldier ants
  3 acid dragons
  2 water moccasins
  13 orc warriors
  6 ice beasts
  2 sky beasts
  A necrophage (D:8)
  3 phantoms
  10 ogres
  8 centaurs
  A crocodile (D:9)
  12 bullfrogs
  A wyvern skeleton (D:12)
  2 scorpions (D:4)
  5 killer bees
  A howler monkey (D:13)
  4 electric eels (D:14)
  5 centaur zombies
  4 crimson imps
  2 bullfrog zombies
  9 hounds
  13 orc wizards
  2 quasits
  3 bullfrog skeletons
  3 jellies
  9 orc priests
  5 centaur skeletons
  Jessica (D:3)
  6 iguanas
  14 worker ants
  A killer bee zombie (D:8)
  A hound zombie (D:6)
  A hound skeleton (D:5)
  A howler monkey zombie (D:5)
  11 adders
  3 gnolls (D:3)
  5 shadow imps
  3 white imps (D:8)
  An ufetubus (D:8)
  An adder skeleton (D:4)
  5 worms
  3 dart slugs
  3 leopard geckos
  48 orcs
  A ball python (D:3)
  2 giant cockroaches
  4 goblins
  7 hobgoblins
  4 jackals
  3 quokkas
  A ball python skeleton (D:4)
  12 bats
  8 frilled lizards
  A jackal zombie (D:8)
  9 kobolds
  A leopard gecko skeleton (D:2)
  A leopard gecko zombie (D:5)
  10 rats
407 creatures vanquished.

Vanquished Creatures (collateral kills)
  A vault guard (D:13)
  A hydra (D:14)
  2 ugly things (D:13)
  A centaur zombie (D:13)
  A troll (D:13)
  A basilisk (D:11)
  A hungry ghost (D:13)
  A warg (D:13)
  A centaur (D:13)
  A bullfrog (D:13)
11 creatures vanquished.

Vanquished Creatures (others)
  Maurice (D:11)
  A fungus (D:4)
  10 plants
  A withered plant (D:15)
13 creatures vanquished.

Grand Total: 431 creatures vanquished

Notes
Turn   | Place    | Note
-------+----------+-------------------------------------------
     0 | D:1      | kae the Hill Orc Fighter began the quest for the Orb.
     0 | D:1      | Reached XP level 1. HP: 19/19 MP: 1/1
    58 | D:1      | Reached skill level 3 in Axes
    58 | D:1      | Reached XP level 2. HP: 27/27 MP: 2/2
   404 | D:1      | Reached XP level 3. HP: 33/33 MP: 3/3
   633 | D:2      | Reached skill level 4 in Axes
   633 | D:2      | Reached skill level 1 in Dodging
   633 | D:2      | Reached XP level 4. HP: 28/40 MP: 4/4
   839 | D:2      | Found an ancient bone altar of Kikubaaqudgha.
   839 | D:2      | Found a hazy altar of Hepliaklqana.
   840 | D:2      | Found a snail-covered altar of Cheibriados.
  1607 | D:3      | Reached XP level 5. HP: 35/47 MP: 5/5
  1724 | D:3      | Noticed Jessica
  1743 | D:3      | Killed Jessica
  2018 | D:3      | Reached skill level 5 in Axes
  2858 | D:3      | Reached XP level 6. HP: 22/53 MP: 6/6
  3392 | D:4      | Reached skill level 5 in Fighting
  3392 | D:4      | Reached skill level 6 in Axes
  3641 | D:4      | Found a shattered altar of Ashenzari.
  3645 | D:4      | Saw a vision of the Swamp and the Spider Nest.
  3645 | D:4      | Noticed a redback
  3645 | D:4      | Noticed a redback
  3645 | D:4      | Noticed a redback
  3645 | D:4      | Noticed a redback
  3645 | D:4      | Noticed a redback
  3645 | D:4      | Noticed an alligator
  3645 | D:4      | Noticed an alligator
  3645 | D:4      | Noticed an alligator
  3646 | D:4      | Noticed a water moccasin
  3651 | D:4      | Noticed a wolf spider
  3672 | D:4      | Reached XP level 7. HP: 51/61 MP: 7/7
  3998 | D:5      | Entered Level 5 of the Dungeon
  4135 | D:5      | Reached skill level 5 in Armour
  4169 | D:5      | Reached skill level 7 in Axes
  4247 | D:5      | Found a staircase to the Ecumenical Temple.
  4311 | Temple   | Entered the Ecumenical Temple
  4373 | Temple   | Became a worshipper of Makhleb the Destroyer
  4661 | D:5      | Reached XP level 8. HP: 65/70 MP: 8/8
  4664 | D:5      | Found a bloodstained altar of Trog.
  4727 | D:5      | Reached skill level 8 in Axes
  4731 | D:5      | Found a basalt altar of Yredelemnul.
  5175 | D:6      | Found a hide-covered altar of Uskayaw.
  5270 | D:6      | Reached skill level 1 in Invocations
  5273 | D:6      | Reached * piety under Makhleb
  5273 | D:6      | Reached skill level 9 in Axes
  6035 | D:7      | Reached XP level 9. HP: 74/78 MP: 10/10
  6064 | D:7      | Found a glowing golden altar of the Shining One.
  6472 | D:7      | Reached skill level 10 in Axes
  6959 | D:7      | Found a sparkling altar of Nemelex Xobeh.
  7051 | D:7      | Reached skill level 11 in Axes
  7367 | D:7      | Found a sacrificial altar of Ru.
  7409 | D:7      | Reached skill level 5 in Invocations
  7873 | D:8      | Paralysed by fainting for 12 turns
  7889 | D:8      | Reached XP level 10. HP: 88/88 MP: 12/14
  8268 | D:8      | Reached skill level 12 in Axes
  8290 | D:8      | Reached ** piety under Makhleb
  9393 | D:9      | Found a staircase to the Orcish Mines.
  9404 | D:9      | Found a roughly hewn altar of Beogh.
  9454 | D:9      | Noticed Prince Ribbit
  9463 | D:9      | Killed Prince Ribbit
  9842 | D:9      | Found a runed gate.
  9850 | D:9      | Found a runed gate.
  9850 | D:9      | Found a runed gate.
  9861 | D:9      | Noticed an angel
  9862 | D:9      | Found a glowing silver altar of Zin.
  9960 | D:9      | Noticed Defined's ghost (novice HOFi)
 10024 | D:10     | Entered Level 10 of the Dungeon
 10221 | D:10     | Reached skill level 13 in Axes
 10597 | D:10     | Noticed a two-headed ogre
 10604 | D:10     | Killed a two-headed ogre
 10604 | D:10     | Reached XP level 11. HP: 93/96 MP: 16/16
 10623 | D:10     | Noticed a two-headed ogre
 10632 | D:10     | Killed a two-headed ogre
 10854 | D:10     | Killed an unseen horror
 11122 | D:10     | Reached *** piety under Makhleb
 11124 | D:10     | Noticed Fannar
 11139 | D:10     | Killed Fannar
 11524 | D:10     | Reached skill level 10 in Fighting
 11524 | D:10     | Reached skill level 14 in Axes
 11847 | D:11     | Noticed a two-headed ogre
 11852 | D:11     | Killed a two-headed ogre
 12021 | D:11     | Noticed a two-headed ogre
 12040 | D:11     | Killed a two-headed ogre
 12778 | D:11     | Noticed Maurice
 12782 | D:11     | Noticed a purple ugly thing
 12798 | D:11     | Killed a purple ugly thing
 12800 | D:11     | Killed Maurice
 12817 | D:11     | Noticed a cyclops
 12824 | D:11     | Noticed a skeletal warrior
 13149 | D:11     | Noticed a two-headed ogre
 13161 | D:11     | Killed a two-headed ogre
 13161 | D:11     | Reached skill level 15 in Axes
 13161 | D:11     | Reached XP level 12. HP: 78/107 MP: 19/19
 13162 | D:11     | Reached skill level 10 in Armour
 13347 | D:11     | Found a staircase to the Lair.
 13893 | D:11     | Identified Diat's Collected Works on Supportive Sinister Rituals
 14092 | D:12     | Reached skill level 10 in Invocations
 14099 | D:12     | Reached **** piety under Makhleb
 14546 | D:12     | You fall through a shaft for 3 floors!
 14546 | D:15     | Entered Level 15 of the Dungeon
 14588 | D:15     | Reached skill level 16 in Axes
 15179 | D:13     | Got a fine lapis lazuli ring
 15209 | D:13     | Noticed a catoblepas
 15210 | D:13     | Noticed a five-headed hydra
 15240 | D:13     | Killed a five-headed hydra
 15253 | D:13     | Killed a catoblepas
 15698 | D:14     | Noticed a two-headed ogre
 15704 | D:14     | Killed a two-headed ogre
 16004 | D:14     | Found a blossoming altar of Fedhas.
 16012 | D:14     | Noticed a five-headed hydra
 16028 | D:14     | Killed a five-headed hydra
 16028 | D:14     | Reached XP level 13. HP: 86/116 MP: 21/21
 16285 | D:14     | Reached skill level 17 in Axes
 18330 | D:13     | Reached ***** piety under Makhleb
 18394 | D:13     | Reached skill level 18 in Axes
 18666 | D:13     | Identified the ring "Duuquo" {rN+ Stlth+} (You found it on level 13 of the Dungeon)
 18776 | D:13     | Found a gate to the Vaults.
 18776 | D:13     | Noticed a vault guard
 18776 | D:13     | Noticed a vault guard
 18776 | D:13     | Noticed a vault guard
 18776 | D:13     | Noticed a vault guard
 18800 | D:13     | Killed a vault guard
 18805 | D:13     | Killed a vault guard
 18805 | D:13     | Reached XP level 14. HP: 115/127 MP: 23/23
 19530 | D:13     | Slain by a deep troll earth mage

Vault maps used:
D:1:      roderic_crossed_star
D:2:      gammafunk_temple_overflow_claw
D:3:      first_ration, uniq_jessica
D:4:      minmay_misc_feat_roman, grunt_ashenzari_visionary
D:5:      lemuel_crystal_altar, minmay_temple_entry_poolview, bloody_trog
D:6:      eat_drink_and_be_merry_uskayaw, hangedman_decor_slide_cut
D:7:      marbit_many_paths, kennysheep_little_box, grunt_livestock,
          nicolae_ru_awakened_eye
D:8:      serial_ice, serial_ice_b, serial_ice_d, serial_ice_g, serial_ice_a
D:9:      zin_angel, minmay_orc_entry_temple_small, gammafunk_ghost_spectres,
          uniq_prince_ribbit1
D:10:     uniq_fannar
D:11:     david_lair_shrubbed, minmay_the_grid_square_5x5_3x3_mashed,
          uniq_maurice
D:12:     roderic_serpentine_path
D:13:     minmay_nested_s, lightli_vaults_fourway_checkpoint,
          minmay_joined_circles
D:14:     kennysheep_boxes, fedhas_altar_3
D:15:     gammafunk_depths_entry_grave, basic_altar, columned_hall_lemuel,
          nrook_guardian_serpent_ordinary
Temple:   zaba_magenta_temple

Skill      XL: |  1  2  3  4  5  6  7  8  9 10 11 12 13 14 |
---------------+-------------------------------------------+-----
Axes           | 3 4 5 6 7 9 11 13 15 16 18 | 18.6
Fighting       | 4 5 6 8 9 10 11 12 13 | 13.1
Dodging        | 1 2 3 |  3.5
Armour         | 4 5 6 7 8 9 11 12 | 12.2
Invocations    | 2 5 7 9 11 12 | 12.7
Shields        | |  3.2

Action                   |  1- 3 |  4- 6 |  7- 9 | 10-12 | 13-15 || total
-------------------------+-------+-------+-------+-------+-------++-------
Melee: War axe           |    82 |   128 |       |       |       ||   210
       Battleaxe         |       |   100 |   258 |   638 |   352 ||  1348
Invok: Minor Destruction |       |       |       |    31 |    30 ||    61
       Lesser Servant of |       |       |       |     8 |     5 ||    13
Evoke: Wand              |       |     2 |    11 |     7 |     2 ||    22
  Use: Potion            |       |     2 |     1 |     2 |    11 ||    16
       Scroll            |       |     9 |     8 |     6 |     3 ||    26
 Stab: Distracted        |       |       |       |       |     3 ||     3
       Invisible         |       |       |       |       |     1 ||     1
  Eat: Chunk             |       |     9 |    15 |    16 |    15 ||    55
       Ration            |       |       |     1 |     4 |     1 ||     6
Armor: Scale mail        |    38 |   100 |   134 |   262 |   141 ||   675
       Skin              |       |       |     9 |     5 |    22 ||    36
Dodge: Dodged            |    26 |   111 |   151 |   625 |   187 ||  1100
Block: Shield            |    41 |    57 |       |       |       ||    98

Table legend:
 A = Spawn XP
 B = Non-spawn XP
 C = Spawn XP percentage of total XP
 D = Spawn monster count
 E = Non-spawn monster count
 F = Spawn count percentage of total count
 G = Total turns spent on level
                    A         B        C        D         E        F      G
               +---------+---------+-------+---------+---------+-------+---------
         Total |       0 |   59884 |   0.0 |       0 |     419 |   0.0 | 19530
               +---------+---------+-------+---------+---------+-------+---------
           D:1 |       0 |      34 |   0.0 |       0 |      23 |   0.0 |   463
           D:2 |       0 |      90 |   0.0 |       0 |      22 |   0.0 |  1070
           D:3 |       0 |     203 |   0.0 |       0 |      36 |   0.0 |  1611
           D:4 |       0 |     455 |   0.0 |       0 |      13 |   0.0 |   854
           D:5 |       0 |     602 |   0.0 |       0 |      19 |   0.0 |   894
           D:6 |       0 |     867 |   0.0 |       0 |      20 |   0.0 |  1030
           D:7 |       0 |    2180 |   0.0 |       0 |      18 |   0.0 |  2056
           D:8 |       0 |    2463 |   0.0 |       0 |      37 |   0.0 |  1265
           D:9 |       0 |    1079 |   0.0 |       0 |      24 |   0.0 |   703
          D:10 |       0 |    5510 |   0.0 |       0 |      25 |   0.0 |  1781
          D:11 |       0 |    8818 |   0.0 |       0 |      38 |   0.0 |  2224
          D:12 |       0 |    2962 |   0.0 |       0 |      26 |   0.0 |   517
          D:13 |       0 |   25415 |   0.0 |       0 |      87 |   0.0 |  2652
          D:14 |       0 |    8202 |   0.0 |       0 |      28 |   0.0 |  1909
          D:15 |       0 |    1004 |   0.0 |       0 |       3 |   0.0 |   423
               +---------+---------+-------+---------+---------+-------+---------
